Map: Frozen Temple

Players

IlIlIlllIlIl

  • Race: Zerg Zerg
  • League: Master

Miszu - Winner!

  • Race: Protoss Protoss
  • League: Master

VOD

Have the link to the VOD?

Description

Time

  • Played on: April 3, 2016, 5:36 p.m.
  • Length: 7:50
Show
View Real Time Build Order
Export as new Build Order

IlIlIlllIlIl Zerg 

Build Orders: Pool First 

Get SALT Encoding   

  12  0:01  Drone  
  13  0:10  Drone  
  14  0:20  Extractor  
  13  0:28  Spawning Pool  
  12  0:32  Drone  
  13  0:40  Drone  
  14  0:47  Overlord  
  14  1:15  Queen  
  14  1:16  Zergling x6  
  19  1:23  Metabolic Boost  
  19  1:28  Zergling x2  
  20  1:38  Overlord  
  20  1:49  Zergling x2  
  21  2:00  Zergling x2  
  22  2:11  Zergling x2  
  23  2:23  Zergling x2  
  24  2:30  Zergling x4  
  24  2:31  Zergling x2  
  26  2:43  Zergling x2  
  27  2:49  Zergling x2  
  27  3:00  Drone  
  27  3:04  Hatchery  
  27  3:11  Drone  
  28  3:13  Drone  
  28  3:16  Overlord, Hatchery  
  28  3:23  Drone  
  29  3:33  Queen  
  31  3:35  Drone  
  32  3:43  Drone  
  33  3:50  Overlord  
  33  3:51  Overlord  
  33  3:57  Drone  
  33  3:59  Drone  
  35  4:09  Drone  
  36  4:17  Drone  
  36  4:20  Drone  
  36  4:21  Queen  
  40  4:25  Queen  
  40  4:28  Drone  
  40  4:31  Drone  
  44  4:38  Queen  
  44  4:41  Drone  
  44  4:44  Drone  
  48  4:46  Drone  
  48  4:49  Drone  
  48  4:50  Drone  
  51  4:53  Drone  
  51  4:58  Queen  
  54  5:01  Drone  
  54  5:03  Drone  
  54  5:05  Drone  
  57  5:07  Drone  
  57  5:09  Drone  
  57  5:11  Drone  
  60  5:16  Queen  
  60  5:20  Overlord  
  62  5:23  Overlord  
  62  5:27  Overlord  
  62  5:32  Overlord  
  62  5:37  Overlord x2  
  62  5:39  Drone x2  
  62  5:42  Extractor, Drone  
  65  5:44  Extractor, Drone  
  65  5:46  Drone  
  65  5:50  Drone x2  
  65  5:54  Drone x2  
  65  5:56  Drone  
  65  5:57  Drone  
  71  5:58  Drone  
  71  6:00  Drone  
  72  6:04  Drone  
  72  6:06  Drone x3  
  72  6:09  Drone x2  
  78  6:22  Queen  
  78  6:23  Roach Warren, Queen  
  81  6:38  Queen  
  80  6:43  Spore Crawler  
  80  6:45  Spore Crawler x2  
  80  6:46  Spore Crawler  
  76  6:48  Spore Crawler x2  
  76  6:50  Drone  
  76  6:51  Drone x4  
  76  6:52  Drone  
  77  6:58  Queen  
  77  7:00  Drone x2  
  78  7:10  Drone x3  
  78  7:11  Drone x2  
  81  7:21  Roach x6  
Show
View Real Time Build Order
Export as new Build Order

Miszu Protoss - Winner!

Build Orders: 1 Gate Expand 

Get SALT Encoding   

  12  0:01  Probe (Chrono Boost)  
  13  0:12  Probe (Chrono Boost)  
  14  0:22  Pylon  
  14  0:23  Probe (Chrono Boost)  
  15  0:41  Gateway, Probe (Chrono Boost)  
  16  0:51  Probe (Chrono Boost)  
  17  1:11  Nexus  
  17  1:15  Probe (Chrono Boost)  
  18  1:24  Assimilator  
  18  1:29  Cybernetics Core  
  18  1:32  Probe (Chrono Boost)  
  19  1:39  Assimilator  
  19  1:43  Probe (Chrono Boost)  
  20  1:52  Pylon  
  20  1:54  Probe (Chrono Boost)  
  21  1:58  Zealot (Chrono Boost)  
  22  2:11  Gateway  
  22  2:18  Probe  
  23  2:25  Mothership Core  
  23  2:28  Adept (Chrono Boost)  
  27  2:32  Probe  
  26  2:44  Probe  
  27  2:45  Pylon  
  27  2:52  Adept (Chrono Boost), Probe  
  30  3:02  Adept (Chrono Boost)  
  30  3:04  Warp Gate  
  32  3:08  Probe  
  33  3:18  Pylon  
  34  3:23  Adept (Chrono Boost)  
  37  3:27  Adept (Chrono Boost)  
  37  3:32  Probe x2  
  39  3:42  Stargate  
  39  3:44  Probe  
  40  3:52  Gateway  
  40  3:54  Stargate  
  40  3:57  Probe  
  40  4:00  Probe  
  42  4:09  Probe  
  43  4:12  Probe  
  44  4:19  Assimilator  
  44  4:20  Assimilator  
  44  4:21  Probe  
  45  4:24  Probe  
  46  4:33  Probe  
  46  4:37  Phoenix x2 (Chrono Boost)  
  51  4:39  Probe  
  52  4:46  Probe  
  52  4:51  Probe  
  54  4:56  Pylon  
  54  4:58  Probe  
  55  5:00  Phoenix (Chrono Boost)  
  55  5:02  Phoenix (Chrono Boost)  
  55  5:03  Probe  
  61  5:21  Probe x2  
  61  5:22  Phoenix (Chrono Boost)  
  61  5:24  Phoenix (Chrono Boost)  
  61  5:26  Pylon  
  66  5:32  Pylon  
  66  5:33  Probe x2  
  68  5:44  Phoenix (Chrono Boost)  
  68  5:45  Phoenix (Chrono Boost), Probe  
  73  6:05  Phoenix (Chrono Boost)  
  73  6:07  Phoenix (Chrono Boost)  
  77  6:20  Probe  
  77  6:21  Nexus  
  78  6:26  Pylon  
  78  6:44  Probe x2  
  80  6:56  Probe x2  
  80  6:58  Robotics Facility x2  
  82  7:03  Twilight Council  
  82  7:06  Forge  
  82  7:08  Pylon, Probe x2  
  84  7:11  Pylon  
  80  7:20  Probe x2  
  80  7:22  Pylon  
  82  7:32  Probe x2  
Tags
 
Add a new tag
Caveats
  • Supply blocks, unpowered buildings, or Contaminate may cause inaccurate times.
  • Supply counts are checked every 10 seconds.